 Dungeon Crawl Stone Soup version 0.17.0-28-g6e173f8 (webtiles) character file.

1638 dohliylev the Stinger (level 8, -1/32 HPs)
             Began as a Gargoyle Venom Mage on Nov 28, 2015.
             Was an Initiate of Vehumet.
             Killed by divine providence
             ... invoked by an orc priest
              (15 damage)
             ... on level 8 of the Dungeon.
             The game lasted 00:53:46 (6434 turns).

dohliylev the Stinger (Gargoyle Venom Mage)         Turns: 6434, Time: 00:53:46

Health: -1/32      AC: 10    Str: 12    XL:     8   Next: 98%
Magic:  6/17       EV: 13    Int: 20    God:    Vehumet [......]
Gold:   370        SH:  0    Dex: 10    Spells: 4 memorised, 6 levels left

rFire  . . .     SeeInvis +     a - +0 dagger
rCold  . . .     Clarity  .     y - +2 robe {MR+}
rNeg   + . .     SustAt   .     (no shield)
rPois  ∞         Gourm    .     (no helmet)
rElec  +         Spirit   .     I - +0 cloak {MR+}
rCorr  .         Warding  .     (no gloves)
rMut   .         Stasis   .     (no boots)
MR     ++...                    (no amulet)
Stlth  ++........               H - +2 ring of slaying
                                t - ring of invisibility

@: very resistant to hostile enchantments, unstealthy
A: see invisible, clever 1, frail 2, negative energy resistance 1, electricity
resistance, wild magic 1, unbreathing, petrification resistance, rot immunity,
AC +5
a: Renounce Religion, Evoke Invisibility


You were on level 8 of the Dungeon.
You worshipped Vehumet.
Vehumet was noncommittal.
You were very hungry.

You visited 2 branches of the dungeon, and saw 9 of its levels.

You collected 370 gold pieces.

Inventory:

Hand Weapons
 a - a +0 dagger (weapon)
Armour
 y - a +2 robe of magic resistance (worn)
 I - a +0 cloak of magic resistance (worn)
 K - a +1 robe of resistance
Jewellery
 g - an uncursed ring of protection from magic
 p - an uncursed ring of teleportation
 t - a ring of invisibility (left hand)
 F - an uncursed ring of protection from fire
 H - a +2 ring of slaying (right hand)
Wands
 E - a wand of polymorph (6)
Scrolls
 e - 3 scrolls of identify
 i - 3 scrolls of remove curse
 k - a scroll of blinking {unknown}
 m - 2 scrolls of teleportation {unknown}
 q - 5 scrolls of amnesia {unknown}
 r - a scroll of noise {unknown}
 w - a scroll of random uselessness {unknown}
 x - 3 scrolls of immolation {unknown}
 z - a scroll of magic mapping {unknown}
 C - 2 scrolls of recharging {unknown}
 J - a scroll of enchant weapon {unknown}
 N - a scroll of fear {unknown}
Potions
 d - a potion of ambrosia {unknown}
 f - 4 potions of curing {unknown}
 j - 2 potions of might {unknown}
 l - 3 potions of agility {unknown}
 o - a potion of beneficial mutation {unknown}
 u - 2 potions of mutation {unknown}
 v - a potion of brilliance {unknown}
 A - a potion of haste {unknown}
 G - a potion of invisibility {unknown}
 L - 2 potions of cancellation {unknown}
 O - 2 potions of magic {unknown}
Books
 b - a Young Poisoner's Handbook

   Spells                             Type                      Level
   a - Sting                          Conjuration/Poison           1
   b - Cure Poison                    Poison                       2
   c - Mephitic Cloud                 Conjuration/Poison/Air       3
   d - Olgreb's Toxic Radiance        Poison                       4
   e - Venom Bolt                     Conjuration/Poison           5
Comestibles
 c - 6 bread rations
 h - 3 royal jellies
 n - 3 meat rations
 s - 4 chunks of flesh
 B - 2 beef jerkies
 M - 3 fruits


   Skills:
 + Level 4.6 Dodging
 - Level 2.1 Stealth
 + Level 6.2 Spellcasting
 + Level 4.5 Conjurations
 + Level 1.0 Air Magic
 + Level 6.7 Poison Magic


You had 6 spell levels left.
You knew the following spells:

 Your Spells              Type           Power        Failure   Level  Hunger
a - Sting                 Conj/Pois      ####         3%          1    None
b - Olgreb's Toxic Radia  Pois           #####...     19%         4    ####...
c - Mephitic Cloud        Conj/Pois/Air  ####....     16%         3    ##.....
d - Venom Bolt            Conj/Pois      #####.....   45%         5    #####..


Dungeon Overview and Level Annotations

Branches:
Dungeon (8/15)             Temple (1/1) D:4
   Lair: D:8-11

Altars:
Ashenzari
Cheibriados
Dithmenos
Elyvilon
Fedhas
Gozag
Kikubaaqudgha
Makhleb
Nemelex Xobeh
Okawaru
Qazlal
Ru
Sif Muna
Trog
Vehumet
Yredelemnul
Zin
The Shining One

Shops:
D:5 [

Annotations:
D:6 HandofTrog's ghost, novice DsGl


Innate Abilities, Weirdness & Mutations

You are resistant to torment.
Your stone body is resilient (AC +5).
You are immune to poison.
You resist negative energy.
You are resistant to electric shocks.
You can survive without breathing.
You are immune to petrification.
You are immune to rotting.
You have supernaturally acute eyesight.
Your mind is acute. (Int +2)
You are very frail (-20% HP).
Your spells are a little harder to cast, but a little more powerful.


Message History

You see here a battleaxe.
Casting: Sting
Confirm with . or Enter, or press ? or * to list all spells.
You begin to radiate toxic energy.
You are feeling very hungry.
The orc priest is poisoned.
Casting: Olgreb's Toxic Radiance
Confirm with . or Enter, or press ? or * to list all spells.
You can't see any susceptible monsters within range! (Use Z to cast anyway.)
The orc priest looks even sicker.
Casting: Olgreb's Toxic Radiance
Confirm with . or Enter, or press ? or * to list all spells.
Aiming: Mephitic Cloud
Press: ? - help, Shift-Dir - straight line, f - you, p - orc priest
Okay, then.
The orc priest looks even sicker.
Your toxic aura wanes.
The orc priest mumbles some strange prayers to Beogh against you.
Something smites you!
You die...

##############>#
#########.#
........#.#
#######.#.#
#.#.# ##.#.#
#....# #.#..#
#@)..# #....#
#..### #..# #..#
#o.# #..# #..#
#########..#


You could see an orc priest.

Vanquished Creatures
  Eustachio (D:5)
  A hippogriff (D:8)
  Duvessa (D:6)
  A sky beast (D:7)
  2 black bears
  A centaur (D:5)
  2 giant frogs
  A big kobold (D:7)
  Dowan (D:6)
  2 hounds
  A crimson imp (D:7)
  Crazy Yiuf (D:5)
  An orc priest (D:4)
  Ijyb (D:2)
  A giant frog skeleton (D:7)
  An iguana (D:5)
  6 orc wizards
  3 worker ants
  7 adders
  A gnoll (D:1)
  2 oozes
  An adder skeleton (D:4)
  3 worms (D:2)
  6 giant geckos
  16 orcs
  8 bats
  8 hobgoblins
  5 jackals
  3 quokkas
  A ball python (D:3)
  4 giant cockroaches
  6 giant newts
  4 goblins
  9 kobolds
  5 rats
117 creatures vanquished.

Vanquished Creatures (others)
  An orc wizard (D:7)
1 creature vanquished.

Grand Total: 118 creatures vanquished

Notes
Turn   | Place    | Note
--------------------------------------------------------------
     0 | D:1      | dohliylev the Gargoyle Venom Mage began the quest for the Orb.
     0 | D:1      | Reached XP level 1. HP: 10/10 MP: 3/3
   375 | D:1      | Reached XP level 2. HP: 15/15 MP: 3/5
   802 | D:1      | Reached XP level 3. HP: 15/19 MP: 2/6
  1125 | D:2      | Reached skill level 1 in Conjurations
  1203 | D:2      | Reached XP level 4. HP: 15/24 MP: 5/7
  1642 | D:3      | Noticed Ijyb
  1729 | D:2      | Killed Ijyb
  1890 | D:3      | Reached XP level 5. HP: 24/28 MP: 4/9
  1922 | D:3      | Found a faded altar to an unknown god.
  2403 | D:4      | Learned a level 4 spell: Olgreb's Toxic Radiance
  2407 | D:4      | Learned a level 3 spell: Mephitic Cloud
  2522 | D:4      | Found a stormy altar of Qazlal.
  2526 | D:4      | Found a blossoming altar of Fedhas.
  2637 | D:4      | Found a staircase to the Ecumenical Temple.
  2643 | Temple   | Entered the Ecumenical Temple
  2746 | Temple   | Became a worshipper of Elyvilon the Healer
  2806 | D:4      | Found a shattered altar of Ashenzari.
  2857 | D:4      | Reached XP level 6. HP: 20/32 MP: 2/10
  2911 | D:4      | Reached skill level 5 in Poison Magic
  3204 | D:4      | Noticed a black bear
  3245 | D:4      | Killed a black bear
  3475 | D:5      | Entered Level 5 of the Dungeon
  3498 | D:5      | Reached XP level 7. HP: 36/36 MP: 0/12
  3628 | D:5      | Noticed Eustachio
  3637 | D:5      | Killed Eustachio
  3927 | D:5      | Reached * piety under Elyvilon
  3972 | D:5      | Found Zacwuba's Armour Shop.
  4051 | D:5      | Found a radiant altar of Vehumet.
  4073 | D:5      | Fell from the grace of Elyvilon
  4073 | D:5      | Became a worshipper of Vehumet
  4329 | D:5      | Noticed Crazy Yiuf
  4338 | D:5      | Killed Crazy Yiuf
  4627 | D:6      | Noticed Dowan
  4628 | D:6      | Noticed Duvessa
  4653 | D:6      | Killed Duvessa
  4653 | D:6      | Reached skill level 1 in Air Magic
  4653 | D:6      | Reached XP level 8. HP: 41/41 MP: 6/15
  4734 | D:6      | Killed Dowan
  4734 | D:6      | Reached skill level 5 in Spellcasting
  4847 | D:6      | Noticed HandofTrog's ghost (novice DsGl)
  5092 | D:7      | Found a snail-covered altar of Cheibriados.
  5092 | D:7      | Found a sparkling altar of Nemelex Xobeh.
  5114 | D:7      | Reached skill level 6 in Poison Magic
  5131 | D:7      | Gained mutation: Your mind is acute. (Int +2) [mutagenic meat]
  5132 | D:7      | Gained mutation: Your spells are a little harder to cast, but a little more powerful. [mutagenic meat]
  5133 | D:7      | Gained mutation: You are frail (-10% HP). [mutagenic meat]
  5134 | D:7      | Gained mutation: You are very frail (-20% HP). [mutagenic meat]
  5135 | D:7      | Gained mutation: You have supernaturally acute eyesight. [mutagenic meat]
  6321 | D:8      | Learned a level 5 spell: Venom Bolt
  6434 | D:8      | Killed from afar by an orc priest

Action                   |  1- 3 |  4- 6 |  7- 9 || total
-------------------------+-------+-------+-------++-------
Melee: Unarmed           |    62 |   154 |       ||   216
       Dagger            |       |       |   184 ||   184
 Cast: Sting             |    50 |    99 |    76 ||   225
       Olgreb's Toxic Ra |       |     6 |    28 ||    34
       Mephitic Cloud    |       |     4 |    11 ||    15
  Use: Scroll            |       |     2 |       ||     2
 Stab: Sleeping          |     1 |       |       ||     1
       Confused          |       |       |     2 ||     2
  Eat: Chunk             |     2 |     6 |    16 ||    24
       Meat ration       |       |     1 |       ||     1
       Pizza             |       |       |     1 ||     1
